 Dungeon Crawl Stone Soup version 0.29-a0-997-gf6f7e2dfe7 (webtiles) character file.

Game seed: 2946250313666166774

62579 nightchill the Markskobold (level 15, -3/107 HPs)
             Began as a Kobold Berserker on Aug 3, 2022.
             Was an Elder of Trog.
             Slain by a vault guard
             ... wielding a +2 vorpal halberd
              (6 damage)
             ... on level 14 of the Dungeon on Aug 4, 2022.
             The game lasted 01:38:55 (32371 turns).

nightchill the Markskobold (Kobold Berserker)      Turns: 32371, Time: 01:38:55

Health: -3/107     AC: 17    Str: 23    XL:     15   Next: 46%
Magic:  15/15      EV: 22    Int:  9    God:    Trog [****..]
Gold:   664        SH:  0    Dex: 22    Spells: 14/14 levels left

rFire   . . .      SeeInvis +   a - +2 short sword (venom)
rCold   . . .      Faith    .   (no shield)
rNeg    . . .      Spirit   .   D - +0 ring mail {rPois}
rPois   +          Reflect  .   O - +2 helmet
rElec   .          Harm     .   o - +2 cloak
rCorr   .          Rampage  .   t - +1 pair of gloves {Str+3}
Will    +....                   z - +1 pair of boots
Stlth   +++.......              (no amulet)
HPRegen 0.27/turn               p - +6 ring of dexterity
MPRegen 0.14/turn               j - ring of see invisible

@: on berserk cooldown, slowed, very slow
A: small, no large weapons, nightstalker 3
a: Renounce Religion, Berserk, Trog's Hand, Brothers in Arms


You were on level 14 of the Dungeon.
You worshipped Trog.
Trog was greatly pleased with you.
You visited 3 branches of the dungeon, and saw 20 of its levels.

You collected 1476 gold pieces.
You spent 812 gold pieces at shops.

Inventory:

Hand Weapons
 a - a +2 short sword of venom (weapon)
 b - a +0 arbalest
 c - a +0 short sword
 h - a +0 sling
 n - a +0 rapier
 s - a +2 dagger of holy wrath
 w - a +2 dagger of draining
Missiles
 k - 25 poisoned darts (quivered)
 M - 2 throwing nets
 N - a curare-tipped dart
Armour
 i - +0 acid dragon scales
 o - a +2 cloak (worn)
 t - a +1 pair of gloves of strength (worn)
 z - a +1 pair of boots (worn)
 D - a +0 ring mail of poison resistance (worn)
 O - a +2 helmet (worn)
 V - a +0 ring mail of cold resistance
Jewellery
 j - a ring of see invisible (right hand)
 p - a +6 ring of dexterity (left hand)
 I - a ring of flight
 T - an amulet of magic regeneration
 W - a ring of positive energy
Wands
 C - a wand of polymorph (8)
 E - a wand of roots (11)
 J - a wand of flame (46)
 Y - a wand of mindburst (3)
Scrolls
 f - 5 scrolls of fear {unknown}
 m - 4 scrolls of poison
 q - 8 scrolls of teleportation
 r - 3 scrolls of brand weapon {unknown}
 v - a scroll of enchant armour
 x - a scroll of enchant weapon
 y - 3 scrolls of magic mapping
 F - 3 scrolls of butterflies {unknown}
 K - a scroll of summoning {unknown}
 L - 2 scrolls of immolation
 R - a scroll of identify
 U - a scroll of blinking
Potions
 d - 9 potions of curing
 e - 4 potions of might
 g - 4 potions of heal wounds
 l - 3 potions of magic
 A - a potion of invisibility
 B - 2 potions of berserk rage
 G - a potion of flight
 H - a potion of attraction
 P - 2 potions of cancellation
 Q - a potion of mutation {unknown}
 S - 3 potions of ambrosia
Miscellaneous
 u - a box of beasts


   Skills:
 + Level 17.4 Fighting
 - Level 13.2 Short Blades
 - Level 18.0 Ranged Weapons
 + Level 6.7 Armour
 - Level 10.7 Dodging
 - Level 1.5 Stealth
 * Level 4.4 Evocations


You had 14 spell levels left.
You didn't know any spells.
Your spell library was empty.

Dungeon Overview and Level Annotations

Branches:
Dungeon (14/15)            Temple (0/1) D:6            Lair (4/5) D:10
 Shoals (0/4) Lair:3        Snake (0/4) Lair:2          Orc (2/2) D:9
    Elf (0/3) Orc:2
  Slime: Lair:4-5    Vaults: D:13-14

Altars:
Xom
Zin

Shops:
D:5 [   D:6 !   D:13 !   Orc:2 *[?*

Annotations:
D:6 1 runed translucent door, Crazy Yiuf
D:9 exclusion: downstairs
D:10 3 exclusions, Josephine
D:12 exclusion: door
D:13 3 runed translucent doors, Murireun's ghost, journeyman GnFE
Lair:1 exclusion: downstairs
Lair:3 exclusion: death yak
Lair:4 exclusion: hydra


Innate Abilities, Weirdness & Mutations

You are small and have problems with some larger weapons.
You are completely attuned to the shadows.


Message History

You are no longer berserk.
You are exhausted.
You feel yourself slow down. The human attacks as you move away!
The human closely misses you.
The vault guard hits you from afar with a +2 vorpal halberd!
* * * LOW HITPOINT WARNING * * *
* * * LOW HITPOINT WARNING * * *
The vault guard hits you from afar with a +2 vorpal halberd!
* * * LOW HITPOINT WARNING * * *
* * * LOW HITPOINT WARNING * * *
The human hits you.
* * * LOW HITPOINT WARNING * * *
The human hits you.
* * * LOW HITPOINT WARNING * * *
The human barely misses you.
The vault guard hits you from afar with a +2 vorpal halberd!
* * * LOW HITPOINT WARNING * * *
* * * LOW HITPOINT WARNING * * *
Okay, then.
Blink to where?
Press: ? - help, Dir - move target
As you read the scroll of blinking, it crumbles to dust.
You feel better.
You feel much better. The human misses you.
The vault guard hits you from afar with a +2 vorpal halberd!!
* * * LOW HITPOINT WARNING * * *
* * * LOW HITPOINT WARNING * * *
You fail to use your ability.
The human misses you. x2
The vault guard closely misses you.
You fail to use your ability.
The human barely misses you. The human misses you.
The vault guard hits you from afar with a +2 vorpal halberd!!
* * * LOW HITPOINT WARNING * * *
* * * LOW HITPOINT WARNING * * *
The human hits you.
* * * LOW HITPOINT WARNING * * *
The human completely misses you.
The human hits you but does no damage. x2
The vault guard hits you from afar with a +2 vorpal halberd.
You die...

###+########...#.......#.........
#....#....##...#.......+.........
+....'....##...#.......#.>.......
#....#.........#.......###'###..#
#....##...##...#.......#...###..#
#....###+###...#.......#.........
#.....#........#.......#.[.......
......#...######.......+.........
......#...#....p@p.....##########
......#...'....p..).........#...#
.....######.....p...........#....
.....# .....................#....
.....# .........#######.....'....
.....# .........#..) +.....#...#
#....# .........'... #.....#...#
#....# .....pp.#### ########...
.....# ..##†#### #...


You could see a vault guard and 3 humans.

Vanquished Creatures
  Kirke (D:12)
  An orc warlord (D:9)
  Nessos (Lair:4)
  2 boulder beetles
  A vault guard (D:14)
  Harold (D:9)
  3 centaur warriors
  A catoblepas (D:14)
  4 hydras
  4 death yaks
  3 two-headed ogres
  3 orc high priests (Orc:2)
  A wizard (D:14)
  3 ugly things
  A deep elf pyromancer (D:12)
  4 orc knights (Orc:2)
  4 cyclopes
  5 orc sorcerers
  3 manticores
  11 elephants (Lair:2)
  3 black mambas
  A gargoyle (D:12)
  5 cane toads
  4 kobold demonologists
  3 komodo dragons
  An efreet (D:13)
  A yaktaur (shapeshifter) (D:14)
  6 trolls
  10 polar bears
  3 meliai (D:13)
  19 blink frogs
  3 centaur simulacra
  2 shadows
  4 wyverns
  5 basilisks
  A human (D:14)
  40 yaks
  A steam dragon (D:6)
  3 vampire mosquitoes (D:12)
  6 wargs
  7 nagas (Lair:2)
  3 acid dragons
  14 water moccasins
  5 ice beasts
  27 orc warriors
  4 sky beasts
  A black bear (D:5)
  4 boggarts (D:14)
  7 ogres
  23 wolves
  8 centaurs
  2 kobold brigands
  17 bullfrogs
  2 gnoll sergeants
  2 two-headed ogre simulacra (D:11)
  9 wights
  14 killer bees
  An electric eel (D:11)
  2 howler monkeys
  A jelly (D:5)
  12 orc priests
  Jessica (D:3)
  24 orc wizards
  6 iguanas
  2 spriggan simulacra (D:11)
  2 troll simulacra (D:11)
  2 boggart simulacra (D:11)
  11 gnolls
  8 adders
  A shadow imp (D:6)
  9 white imps
  3 ufetubi
  A worm (D:2)
  2 dart slugs
  66 orcs
  3 ball pythons
  4 endoplasms
  2 giant cockroaches
  8 goblins
  4 hobgoblins
  8 jackals
  8 quokkas
  7 bats
  6 frilled lizards
  12 kobolds
  2 rats (D:3)
545 creatures vanquished.

Vanquished Creatures (others)
  A yak (Lair:4)
  A water moccasin (Lair:4)
  An orc wizard (D:9)
  12 fungi
  28 plants
43 creatures vanquished.

Grand Total: 588 creatures vanquished

Notes
Turn   | Place    | Note
-------+----------+-------------------------------------------
     0 | D:1      | nightchill the Kobold Berserker began the quest for the
                  | Orb.
     0 | D:1      | Reached XP level 1. HP: 14/14 MP: 1/1
    96 | D:1      | Reached XP level 2. HP: 19/19 MP: 2/2
   130 | D:1      | Reached skill level 1 in Stealth
   728 | D:1      | Reached XP level 3. HP: 20/23 MP: 3/3
   896 | D:1      | Found a faded altar of an unknown god.
  1064 | D:2      | Found a shimmering altar of Xom.
  1199 | D:2      | Reached skill level 5 in Short Blades
  1782 | D:2      | Reached XP level 4. HP: 27/29 MP: 4/4
  2511 | D:3      | Reached ** piety under Trog
  2525 | D:3      | Noticed Jessica
  2531 | D:3      | Killed Jessica
  2532 | D:3      | Reached XP level 5. HP: 31/33 MP: 5/5
  3415 | D:4      | Reached XP level 6. HP: 38/38 MP: 6/6
  3459 | D:4      | Noticed a sky beast
  3468 | D:4      | Killed a sky beast
  3692 | D:4      | Reached skill level 5 in Fighting
  3988 | D:5      | Entered Level 5 of the Dungeon
  3990 | D:5      | Found Jiame's Armour Shoppe.
  4001 | D:5      | Noticed a black bear
  4016 | D:5      | Killed a black bear
  4017 | D:5      | Reached XP level 7. HP: 44/44 MP: 7/7
  4614 | D:5      | Reached XP level 8. HP: 45/51 MP: 8/8
  5070 | D:5      | Reached skill level 10 in Short Blades
  5608 | D:6      | You fall into a shaft and drop 3 floors!
  5833 | D:9      | Noticed a yak
  5833 | D:9      | Noticed a yak
  5943 | D:9      | Noticed a yak
  5943 | D:9      | Noticed a yak
  5943 | D:9      | Noticed a yak
  5943 | D:9      | Noticed a yak
  5943 | D:9      | Noticed a yak
  5958 | D:9      | Killed a yak
  5963 | D:9      | Killed a yak
  5972 | D:9      | Killed a yak
  5973 | D:9      | Reached XP level 9. HP: 57/57 MP: 9/9
  6434 | D:9      | Found a staircase to the Orcish Mines.
  6563 | D:9      | Reached skill level 1 in Ranged Weapons
  6718 | D:9      | Reached skill level 2 in Ranged Weapons
  6809 | D:9      | Reached skill level 3 in Ranged Weapons
  7410 | D:6      | Found a runed translucent door.
  7413 | D:6      | Noticed Crazy Yiuf
  7501 | D:6      | Reached skill level 4 in Ranged Weapons
  7501 | D:6      | Reached XP level 10. HP: 66/66 MP: 10/10
  7558 | D:6      | Found a staircase to the Ecumenical Temple.
  7710 | D:6      | Reached skill level 5 in Ranged Weapons
  7812 | D:6      | Reached *** piety under Trog
  8102 | D:6      | Found Guables's Distillery.
  8641 | D:7      | Reached skill level 6 in Ranged Weapons
  8803 | D:7      | Reached skill level 10 in Fighting
  9308 | D:7      | Reached skill level 7 in Ranged Weapons
  9882 | D:8      | Reached skill level 8 in Ranged Weapons
  9903 | D:8      | HP: 1/68 [yak (7)]
 11362 | D:8      | Reached skill level 9 in Ranged Weapons
 11487 | D:8      | Reached XP level 11. HP: 74/74 MP: 11/11
 12107 | D:8      | Identified a scroll of acquirement
 12109 | D:8      | Acquired a +0 pair of gloves of strength
 12356 | D:8      | Reached skill level 10 in Ranged Weapons
 12908 | D:9      | Reached skill level 11 in Ranged Weapons
 12912 | D:9      | Noticed Harold
 13145 | D:9      | Killed Harold
 13557 | D:10     | Entered Level 10 of the Dungeon
 13558 | D:10     | Upgraded the game from 0.29-a0-994-gc5c9f59d18 to
                  | 0.29-a0-997-gf6f7e2dfe7
 13818 | D:10     | Noticed a two-headed ogre
 13831 | D:10     | Killed a two-headed ogre
 13951 | D:10     | Noticed Josephine
 14182 | D:10     | Reached skill level 12 in Ranged Weapons
 14392 | D:10     | Found a glowing silver altar of Zin.
 14432 | D:10     | Found a staircase to the Lair.
 14455 | Lair:1   | Entered Level 1 of the Lair of Beasts
 14473 | Lair:1   | Reached XP level 12. HP: 82/84 MP: 12/12
 14638 | D:10     | Reached skill level 5 in Dodging
 15533 | Lair:1   | Reached **** piety under Trog
 15712 | Lair:1   | Reached skill level 13 in Ranged Weapons
 17386 | Lair:2   | Found a staircase to the Snake Pit.
 18303 | Lair:2   | Reached skill level 14 in Ranged Weapons
 18312 | Lair:2   | Reached XP level 13. HP: 89/91 MP: 13/13
 19426 | Lair:3   | Found a staircase to the Shoals.
 19753 | Lair:2   | Reached skill level 15 in Fighting
 19753 | Lair:2   | Reached skill level 15 in Ranged Weapons
 20089 | Lair:3   | Reached skill level 10 in Dodging
 20472 | Lair:3   | Noticed a five-headed hydra
 20483 | Lair:3   | Killed a five-headed hydra
 21555 | Lair:4   | Noticed a five-headed hydra
 21566 | Lair:4   | Killed a five-headed hydra
 22162 | Lair:4   | Noticed a seven-headed hydra
 22241 | Lair:4   | Noticed Nessos
 22263 | Lair:4   | Killed Nessos
 22264 | Lair:4   | Reached XP level 14. HP: 71/98 MP: 14/14
 22554 | Lair:4   | Reached skill level 16 in Ranged Weapons
 23133 | Orc:1    | Entered Level 1 of the Orcish Mines
 23276 | Orc:1    | You fall into a shaft and drop 1 floor!
 23276 | Orc:2    | Entered Level 2 of the Orcish Mines
 23394 | Orc:1    | Noticed an orc warlord
 23454 | D:9      | Killed an orc warlord
 24807 | Orc:2    | Found a staircase to the Elven Halls.
 25854 | Orc:2    | Reached skill level 17 in Ranged Weapons
 26255 | Orc:2    | Found Halelu's Antique Armour Boutique.
 26257 | Orc:2    | Found Qeucustruwne's Assorted Antiques.
 26257 | Orc:2    | Found Kyzim's Magic Scroll Shoppe.
 26260 | Orc:2    | Found Verphucw's General Store.
 26852 | D:11     | Reached skill level 5 in Armour
 28971 | D:12     | Reached XP level 15. HP: 106/106 MP: 15/15
 29073 | D:12     | Noticed Kirke
 29094 | D:12     | Killed Kirke
 30276 | D:13     | Found a runed translucent gate.
 30400 | D:13     | Reached skill level 18 in Ranged Weapons
 30579 | Orc:2    | Bought a scroll of teleportation for 39 gold pieces
 30579 | Orc:2    | Bought a box of beasts for 520 gold pieces
 30579 | Orc:2    | Bought a scroll of identify for 26 gold pieces
 30582 | Orc:2    | Bought a potion of heal wounds for 175 gold pieces
 30583 | Orc:2    | Bought a scroll of identify for 26 gold pieces
 30583 | Orc:2    | Bought a scroll of identify for 26 gold pieces
 30687 | D:13     | Identified the +0 scale mail of the Armadillo {-Tele rF++
                  | SInv}
 30759 | D:13     | Reached skill level 1 in Evocations
 31362 | D:13     | Found a runed translucent gate.
 31364 | D:13     | Found a runed translucent gate.
 31364 | D:13     | Noticed Murireun's ghost (journeyman GnFE)
 31473 | D:13     | Found Keseceop's Distillery.
 32371 | D:14     | HP: 5/107 [vault guard/+2 vorpal halberd (5)]
 32371 | D:14     | Slain by a vault guard

Illustrated notes

Levels and vault maps discovered:
D:1:      dpeg_arrival_rhombus, layout_rooms,
          shapermc_ecumenical_altar_rom_forum, item_on_display_a
D:2:      layout_basic, basic_altar
D:3:      layout_basic, minmay_between, uniq_jessica
D:4:      layout_cave_pools
D:5:      minmay_angry_zag, layout_cave_pods, serial_shops, shop_fountains
D:6:      minmay_recursive_quarters, layout_loops_ring, temple_hall,
          serial_shops, nicolae_inconvenience_store, uniq_crazy_yiuf_cottage
D:7:      layout_loops_corners
D:8:      layout_layer_cave
D:9:      layout_irregular_city, david_orc_4, uniq_harold
D:10:     layout_rooms, zin_scriptorium, lair_entry_dummy, uniq_josephine
D:11:     layout_cave_pods, serial_ice, serial_ice_k, serial_ice_d,
          serial_ice_a, serial_ice_c, serial_ice_h, serial_ice_m, serial_ice_n,
          serial_ice_o, portal_ice_cave_entry_ice_simulacra
D:12:     layout_roguey, serial_curves, eino_curves_03, eino_curves_02,
          eino_curves_01, uniq_kirke
D:13:     layout_cave_pools, gammafunk_ghost_hydra_chop, serial_shops,
          nicolae_take_the_stairs
D:14:     layout_gridville, ximxim_vaults_locker_room,
          nicolae_kite_square_tiling_tiny
Lair:1:   layout_regular_city, beast_lair_carwin_10
Lair:2:   layout_cave_pods, minmay_snake_entry_guardpost_medium
Lair:3:   layout_cave_pods, shoals_dummy_entry, cheibrodos_lair_reptile_den
Lair:4:   layout_gridlike, cheibrodos_lair_lostbears, grunt_megastairs_1,
          uniq_nessos
Orc:1:    layout_caves
Orc:2:    grunt_orc_tribal_feast, layout_diamond_mine, mines2_david

Skill      XL: |  1  2  3  4  5  6  7  8  9 10 11 12 13 14 15 |
---------------+----------------------------------------------+-----
Stealth        | 1 |  1.5
Short Blades   | 5 6 8 9 11 13 | 13.2
Fighting       | 4 5 6 7 9 11 13 14 15 16 17 | 17.4
Ranged Weapons | 4 9 12 14 15 17 18 | 18.0
Dodging        | 4 8 10 | 10.7
Armour         | 2 5 6 |  6.7
Evocations     | 4 |  4.4

Action                   |  1- 3 |  4- 6 |  7- 9 | 10-12 | 13-15 || total
-------------------------+-------+-------+-------+-------+-------++-------
Melee: Rapier            |   107 |    34 |       |       |    10 ||   151
       Short sword       |    15 |    97 |   198 |   803 |   465 ||  1578
       Punch             |       |     2 |       |    22 |    10 ||    34
       Dagger            |       |       |    19 |   128 |    70 ||   217
 Fire: Sling             |     5 |       |       |       |       ||     5
       Arbalest          |       |       |    18 |   101 |   672 ||   791
Throw: Dart              |       |       |       |     1 |       ||     1
Invok: Berserk           |     2 |     3 |     7 |    12 |    17 ||    41
       Trog's Hand       |       |     1 |     3 |     6 |    20 ||    30
  Use: Scroll            |       |       |       |    14 |    11 ||    25
       Potion            |       |       |       |       |     6 ||     6
 Stab: Sleeping          |     3 |     7 |     3 |     9 |     1 ||    23
       Distracted        |       |       |     1 |       |       ||     1
Armor: Scale mail        |    35 |    38 |    24 |       |       ||    97
       Animal skin       |     3 |       |       |       |       ||     3
       Ring mail         |       |       |    25 |   200 |   289 ||   514
Dodge: Dodged            |    89 |    70 |   104 |   508 |  1029 ||  1800

Table legend: (Time is in decaauts)
 A = Elapsed time spent in this place.
 B = Non-inter-level travel time spent in this place.
 C = Inter-level travel time spent in this place.
 D = Time resting spent in this place.
 E = Time spent auto-exploring this place.
 F = Levels seen in this place.
 G = Mean time per level.
                   A        B        C        D        E       F      G
               +--------+--------+--------+--------+--------+-----+--------+
         Total |  31991 |  30152 |   1839 |  10997 |  13774 |  20 | 1599.6 |
       Dungeon |  21398 |  19977 |   1421 |   6991 |   9606 |  14 | 1528.4 |
          Lair |   7605 |   7369 |    236 |   2869 |   3383 |   4 | 1901.2 |
  Orcish Mines |   2988 |   2807 |    181 |   1136 |    785 |   2 | 1494.0 |
               +--------+--------+--------+--------+--------+-----+--------+

Top non-repeatable levels by time:
     D:9: 2978 daAuts
     D:8: 2779 daAuts
  Lair:2: 2771 daAuts
  Lair:3: 1845 daAuts
  Lair:1: 1692 daAuts
    D:10: 1657 daAuts
    D:12: 1595 daAuts
     D:7: 1577 daAuts
     D:5: 1567 daAuts
    D:11: 1557 daAuts
   Orc:1: 1502 daAuts
   Orc:2: 1485 daAuts
    D:13: 1463 daAuts
     D:6: 1348 daAuts
  Lair:4: 1294 daAuts
